 Dungeon Crawl Stone Soup version 0.31-a0-1008-g5b978dac0e (webtiles) character file.

Game seed: 2946718232211405073

81 Chiseanne the Covert (level 4, -3/23 HPs)
             Began as a Spriggan Delver on Nov 12, 2023.
             Shot with an arrow by a centaur (12 damage)
             ... on level 6 of the Dungeon.
             The game lasted 00:01:27 (123 turns).

Chiseanne the Covert (Spriggan Delver)               Turns: 123, Time: 00:01:28

Health: -3/23      AC:  2    Str:  8    XL:     4   Next: 19%
Magic:  5/5        EV: 19    Int: 11    God:
Gold:   10         SH:  0    Dex: 18    Spells: 3/3 levels left

rFire   . . .        a - +0 short sword
rCold   . . .        (no shield)
rNeg    . . .        b - +0 robe
rPois   .            (helmet restricted)
rElec   .            (no cloak)
rCorr   .            (gloves unavailable)
SInv    +            (boots unavailable)
Will    .....        (no amulet)
Stlth   ++++         (no ring)
HPRegen 0.23/turn    (no ring)
MPRegen 0.09/turn

%: no passive effects
@: very quick
A: very small, no large weapons, unfitting armour, see invisible, speed 3
a: no special abilities


You were on level 6 of the Dungeon.
You visited 1 branch of the dungeon, and saw 2 of its levels.

You collected 10 gold pieces.

Inventory:

Hand Weapons
 a - a +0 short sword (weapon)
Armour
 b - a +0 robe (worn)
Wands
 g - a wand of digging (3)
Scrolls
 c - a scroll of fog
Potions
 f - a potion of haste


   Skills:
 - Level 2.4 Fighting
 - Level 2.1 Short Blades
 + Level 4.1 Dodging
 * Level 9.0 Stealth


You had 3 spell levels left.
You didn't know any spells.
Your spell library was empty.

Dungeon Overview and Level Annotations

Branches:
Dungeon (6/15)             Temple (0/1) D:5

Altars:


Innate Abilities, Weirdness & Mutations

You are very small and have problems with some larger weapons.
You are too small for most types of armour.
You have supernaturally acute eyesight. (SInv)
You cover ground extremely quickly. (Speed+++)


Message History

You kill the ogre!
Your Dodging skill gained 2 levels and is now at level 4!
Your Stealth skill gained 2 levels and is now at level 9!
You have reached level 2!
You have reached level 3!
Your experience leads to an increase in your attributes!
Increase (s)trength, (i)ntelligence, or (d)exterity?
You feel agile. x2
You have reached level 4!
An ogre comes into view. It is wielding a +0 giant club.
An adder comes into view.
The ogre shouts!
The adder hisses angrily.
You see here a +0 giant club.
You see here a +0 hand axe.
A troll comes into view.
Okay, then.
As you read the scroll of fear, it crumbles to dust.
You assume a fearsome visage.
The troll looks frightened!
You see here a +0 hand axe.
You see here a +0 giant club.
As you read the scroll of revelation, it crumbles to dust.
You feel aware of your surroundings.
You sensed 1 altar.
Found a robe.
You see here a +0 dagger.
You see here a +0 dagger.
There is a stone staircase leading down here.
You climb downwards.
There is a stone staircase leading up here.
Found a mace.
Found 10 gold pieces.
A centaur comes into view.
You see here 10 gold pieces.
The centaur shouts!
You see here 10 gold pieces.
You now have 10 gold pieces.
The centaur wields a +0 orcbow.
The centaur shoots an arrow.
The arrow hits you!
Ouch! That really hurt!
The centaur shoots an arrow.
The arrow hits you!
Ouch! That really hurt!
You die...

c.. .# . #.# .#.#
######.##.#.
##...##......
#....<..# .#
#..#.##.##.# #
#..#.......#..#
....#....@.....#
###.###.#.#####.#
#. #.#... #.
....### ## #..)##
#...# #...# #...


You could see a centaur.

Vanquished Creatures
  An ogre (D:5)
1 creature vanquished.

Notes
Turn   | Place    | Note
-------+----------+-------------------------------------------
     0 | D:5      | Chiseanne the Spriggan Delver began the quest for the Orb.
     0 | D:5      | Reached XP level 1. HP: 11/11 MP: 2/2
    11 | D:5      | Noticed an ogre
    13 | D:5      | Killed an ogre
    14 | D:5      | Reached skill level 9 in Stealth
    14 | D:5      | Reached XP level 2. HP: 16/16 MP: 3/3
    14 | D:5      | Reached XP level 3. HP: 19/19 MP: 4/4
    14 | D:5      | Reached XP level 4. HP: 23/23 MP: 5/5
    24 | D:5      | Noticed an ogre
    58 | D:5      | Noticed a troll
   102 | D:5      | Chiseanne: of course ...a troll on level 5...you shitheads
                  | cant help yourselves bit beeing unfair FUCKERS
   119 | D:6      | Noticed a centaur
   123 | D:6      | Shot with an arrow by a centaur

Illustrated notes

Levels and vault maps discovered:
D:5:      layout_basic, mainiacjoe_overflow_alcove_4,
          minmay_temple_entry_proselytizer, serial_demonic, serial_demonic_a,
          serial_demonic_e, serial_demonic_g, serial_demonic_f,
          serial_demonic_a, serial_demonic_c, serial_demonic_e, uniq_grinder
D:6:      layout_loops_cross, kennysheep_mini_moat,
          nicolae_overflow_two_pavilions, corexii_corridor_pit, centaur_isle

Skill      XL: |  1 |
---------------+----+-----
Dodging        | 4 |  4.1
Stealth        | 9 |  9.0
Fighting       | |  2.4
Short Blades   | |  2.1

Action                     |  1- 3 |  4- 6 || total
---------------------------+-------+-------++-------
  Melee: Short sword       |     1 |       ||     1
    Use: Scroll            |       |     2 ||     2
   Stab: Sleeping          |     1 |       ||     1
 Armour: Robe              |       |     2 ||     2

Table legend: (Time is in decaauts)
 A = Elapsed time spent in this place.
 B = Non-inter-level travel time spent in this place.
 C = Inter-level travel time spent in this place.
 D = Time resting spent in this place.
 E = Time spent auto-exploring this place.
 F = Levels seen in this place.
 G = Mean time per level.
                   A        B        C        D        E       F      G
               +--------+--------+--------+--------+--------+-----+--------+
         Total |     75 |     75 |      0 |      0 |     12 |   2 |   37.5 |
       Dungeon |     75 |     75 |      0 |      0 |     12 |   2 |   37.5 |
               +--------+--------+--------+--------+--------+-----+--------+

Top non-repeatable levels by time:
     D:5: 68 daAuts
     D:6: 7 daAuts
